 Dungeon Crawl Stone Soup version 0.27.0-1-g7a089689b8 (webtiles) character file.

Game seed: 11646097879844987111

48 Revguard the Grasshopper (level 3, 0/28 HPs)
             Began as a Demonspawn Warper on Aug 9, 2021.
             Succumbed to an adder's poison
             ... on level 2 of the Dungeon.
             The game lasted 00:03:37 (1453 turns).

Revguard the Grasshopper (Demonspawn Warper)        Turns: 1453, Time: 00:03:38

Health: 0/28       AC:  3    Str: 12    XL:     3   Next: 50%
Magic:  4/6        EV: 11    Int: 14    God:
Gold:   56         SH:  0    Dex: 12    Spells: 1/6 levels left

rFire    . . .     SeeInvis .   a - +0 falchion
rCold    . . .     Faith    .   (no shield)
rNeg     . . .     Spirit   .   b - +0 leather armour
rPois    .         Reflect  .   (no helmet)
rElec    .         Harm     .   (no cloak)
rCorr    .         Rampage  .   (no gloves)
Will     .....                  (no boots)
Stlth    +.........             (no amulet)
HPRegen  0.09/turn              (no ring)
MPRegen  0.10/turn              (no ring)

@: mighty, lethally poisoned (0 -> -2), very slightly contaminated
A: claws 1, spiny 1
a: no special abilities


You were on level 2 of the Dungeon.
You visited 1 branch of the dungeon, and saw 2 of its levels.

You collected 56 gold pieces.

Inventory:

Hand Weapons
 a - a +0 falchion (weapon)
Armour
 b - a +0 leather armour (worn)
Jewellery
 e - a ring of ice
Scrolls
 c - a scroll of blinking
 f - a scroll of enchant weapon {unknown}


   Skills:
 + Level 2.3 Fighting
 + Level 2.2 Long Blades
 - Level 0.8 Throwing
 + Level 1.3 Armour
 + Level 2.1 Dodging
 + Level 2.3 Spellcasting
 + Level 2.9 Translocations


You had one spell level left.
You knew the following spells:

 Your Spells              Type           Power      Damage    Failure   Level
a - Blink                 Tloc           N/A        N/A       13%         2
b - Gell's Gravitas       Tloc           4%         N/A       26%         3

Your spell library contained the following spells:

 Spells                   Type           Power      Damage    Failure   Level
 Lesser Beckoning         Tloc           4%         N/A       26%         3
 Teleport Other           Tloc           9%         N/A       26%         3
 Manifold Assault         Tloc           9%         N/A       94%         5


Dungeon Overview and Level Annotations

Branches:
Dungeon (2/15)

Altars:


Innate Abilities, Weirdness & Mutations

You have sharp fingernails.
You are partially covered in sharp spines.


Message History

A hobgoblin comes into view.
The hobgoblin shouts!
The hobgoblin hits you.
* * * LOW HITPOINT WARNING * * *
The hobgoblin is struck by your spines.
The hobgoblin hits you but does no damage.
The hobgoblin barely misses you.
You hit the hobgoblin but do no damage.
The hobgoblin is lightly wounded.
The hobgoblin is struck by your spines.
You kill the hobgoblin!
You see here a hobgoblin corpse.
Found a viscous sapphire potion.
An adder comes into view.
The adder hisses angrily.
Throw: boomerang (disperse)
Press: ? - help, Q - select action, (/) - cycle Shift-Dir - straight line, f - adder
Aim: an adder (38% to hit)
You throw a boomerang of dispersal.
The boomerang of dispersal closely misses the adder.
Cast which spell? (? or * to list)
You miscast Blink.
You are very lightly contaminated with residual magic.
Nothing appears to happen.
The adder is struck by your spines. The adder bites you.
* * * LOW HITPOINT WARNING * * *
You are lethally poisoned!
The adder poisons you!
It was a potion of might.
You feel very mighty all of a sudden.
* * * LOW HITPOINT WARNING * * *
You feel sick. The adder is struck by your spines.
The adder closely misses you.
You riposte.
You hit the adder.
The adder is almost dead.
* * * LOW HITPOINT WARNING * * *
You feel sick.
* * * LOW HITPOINT WARNING * * *
You feel sick. The adder is struck by your spines.
You kill the adder!
You die...

#.# #.# #.# #### #
#.# ..#.#######.#
..#####.#.#.......#
..........#.#######
.#########.###.#
.....!.@.†.#...#
#########..#.###
#..#.†.# #..#.###
#....# #.#### ...#
#####


There were no monsters in sight!

Vanquished Creatures
  An adder (D:2)
  A dart slug (D:1)
  3 ball pythons
  3 endoplasms (D:1)
  3 goblins (D:1)
  4 hobgoblins
  4 jackals (D:1)
  6 bats
  2 frilled lizards (D:1)
  2 kobolds (D:1)
  5 rats
34 creatures vanquished.

Vanquished Creatures (others)
  4 plants (D:1)
4 creatures vanquished.

Grand Total: 38 creatures vanquished

Notes
Turn   | Place    | Note
-------+----------+-------------------------------------------
     0 | D:1      | Revguard the Demonspawn Warper began the quest for the Orb.
     0 | D:1      | Reached XP level 1. HP: 16/16 MP: 3/3
    94 | D:1      | Reached skill level 1 in Armour
   277 | D:1      | Gained mutation: You are partially covered in sharp spines.
                  | [demonic ancestry]
   277 | D:1      | Reached XP level 2. HP: 22/22 MP: 5/5
   280 | D:1      | Learned a level 2 spell: Blink
   673 | D:1      | Gained mutation: You have sharp fingernails. [demonic
                  | ancestry]
   673 | D:1      | Reached XP level 3. HP: 8/27 MP: 6/6
  1295 | D:2      | Found a faded altar of an unknown god.
  1324 | D:2      | Learned a level 3 spell: Gell's Gravitas
  1452 | D:2      | HP: 1/28 [poisoned by an adder]
  1453 | D:2      | Succumbed to an adder's poison

Illustrated notes

Levels and vault maps discovered:
D:1:      roderic_crop_circles_arrival_small, layout_basic, st_stairs_11
D:2:      layout_basic, hellmonk_ecumenical_altar_run_dry, uniq_robin,
          uniq_crazy_yiuf_cottage

Skill      XL: |  1  2 |
---------------+-------+-----
Armour         | 1 |  1.3
Long Blades    | 2 |  2.2
Dodging        | 2 |  2.1
Fighting       | |  2.3
Throwing       | |  0.8
Spellcasting   | |  2.3
Translocations | |  2.9

Action                   || total
-------------------------++-------
Melee: Falchion          ||    61
Throw: Boomerang         ||     5
  Use: Potion            ||     1
Armor: Leather armour    ||    12
Dodge: Dodged            ||    34
       Rpst.: Falchion   ||    14
